 Dungeon Crawl Stone Soup version 0.29.0-4-gdea44cf6ec (webtiles) character file.

Game seed: 13256703503701507831

10413 qw the Severer (level 11, -4/148 HPs)
             Began as a Minotaur Berserker on Sept 10, 2022.
             Was a High Priest of Trog.
             Shot with an arrow by a centaur warrior (9 damage)
             ... on level 10 of the Dungeon.
             The game lasted 00:03:21 (10911 turns).

qw the Severer (Minotaur Berserker)                Turns: 10911, Time: 00:03:22

Health: -4/148     AC: 15    Str: 26    XL:     11   Next: 35%
Magic:  10/10      EV:  8    Int:  6    God:    Trog [*****.]
Gold:   230        SH:  5    Dex: 10    Spells: 10/10 levels left

rFire   . . .      SeeInvis .   a - +5 war axe of Abuse {vorpal, rCorr Int+2}
rCold   . . .      Faith    .   k - +0 buckler
rNeg    . . .      Spirit   .   f - +0 plate armour
rPois   .          Reflect  .   (helmet restricted)
rElec   .          Harm     .   (no cloak)
rCorr   +          Rampage  .   (no gloves)
Will    .....                   d - +0 pair of boots
Stlth   ..........              (no amulet)
HPRegen 0.34/turn               (no ring)
MPRegen 0.12/turn               (no ring)

@: berserking, very quick
A: horns 2, retaliatory headbutt
a: Renounce Religion, Berserk, Trog's Hand, Brothers in Arms


You were on level 10 of the Dungeon.
You worshipped Trog.
Trog was extremely pleased with you.
You visited 1 branch of the dungeon, and saw 10 of its levels.

You collected 383 gold pieces.
You spent 153 gold pieces at shops.


Innate Abilities, Weirdness & Mutations

You have a pair of horns on your head.
You reflexively headbutt those who attack you in melee.


   Skills:
 - Level 10.0 Fighting
 - Level 16.0 Axes
 - Level 3.0 Throwing
 + Level 8.2 Armour
 - Level 3.0 Dodging
 - Level 6.4 Shields


You had 10 spell levels left.
You didn't know any spells.
Your spell library was empty.

Inventory:

Hand Weapons
 a - the +5 war axe of Abuse (weapon) {vorpal, rCorr Int+2}
   (You found it on level 4 of the Dungeon)

   It inflicts extra damage upon your enemies.
   Int:       It affects your intelligence (+2).
   rCorr:     It protects you from acid and corrosion.
 g - a +0 morningstar
Missiles
 b - 5 silver boomerangs (quivered)
 j - 12 boomerangs
Armour
 d - a +0 pair of boots (worn)
 f - a +0 plate armour (worn)
 k - a +0 buckler (worn)
Scrolls
 e - 7 scrolls of teleportation
 h - 3 scrolls of identify
 l - 4 scrolls of enchant weapon
Potions
 c - a potion of haste
 i - a potion of mutation
 m - a potion of resistance
 n - a potion of curing
 r - 3 potions of heal wounds

Dungeon Overview and Level Annotations

Branches:
Dungeon (10/15)            Temple (0/1) D:4             Orc (0/2) D:9
   Lair: D:8-11

Altars:
Ashenzari
Elyvilon
Gozag
Hepliaklqana
Okawaru
Qazlal
Uskayaw

Shops:
D:1 =   D:4 *

Annotations:
D:5 1 runed translucent door, Crazy Yiuf


Message History

The manticore claws you but does no damage.
The centaur warrior shoots an arrow.
The arrow hits you!!
A centaur warrior comes into view.
You hit the manticore.
The manticore is heavily wounded.
The centaur warrior shoots an arrow.
The arrow hits you!
You barely miss the manticore. You headbutt the manticore!
The manticore is almost dead.
The centaur warrior wields a +0 shortbow.
The centaur warrior shoots an arrow.
The arrow hits you but does no damage.
The centaur warrior shoots an arrow.
The arrow hits you!
The manticore bites you but does no damage.
The manticore claws you but does no damage. x2
The centaur warrior shoots an arrow.
The arrow hits you!
You hit the manticore but do no damage.
The manticore is almost dead.
The centaur warrior shoots an arrow.
The arrow hits you but does no damage.
The centaur warrior shoots an arrow.
The arrow hits you!
You slice the manticore!!
You kill the manticore!
Trog accepts your kill.
Trog will now gift you melee weapons as you gain piety.
The centaur warrior shoots an arrow.
The arrow hits you!
A boulder beetle comes into view.
The centaur warrior shoots an arrow.
You block the arrow.
Your Fighting skill increases to level 10!
The centaur warrior shoots an arrow.
The arrow barely misses you.
The centaur warrior unwields a +0 longbow.
The centaur warrior hits you but does no damage.
The centaur warrior barely misses you.
The boulder beetle curls into a ball and begins rolling!
You hear a shout!
You see here a +0 shortbow.
You barely miss the centaur warrior.
The centaur warrior shoots an arrow.
The arrow barely misses you.
The centaur warrior shoots an arrow.
The arrow barely misses you.
You slice the centaur warrior!! You headbutt the centaur warrior!
The centaur warrior is almost dead.
The centaur warrior shoots an arrow.
The arrow hits you!
You die...

#.......# .....
#.......###.....
#...............
#...............
#.......<.......
#####....###########
#........#
#........#
#......@.#
#.....c.(#
#.......cc. #####
##....####O# ....#
...... B.. ....#
...... (.. ....#
..... ...# ....#
..... ... ....#


You could see a boulder beetle (rolling), 3 centaur warriors and an ogre mage.

Vanquished Creatures
  A centaur warrior (D:10)
  2 two-headed ogres
  A manticore (D:10)
  An ugly thing (D:8)
  3 cyclopes
  Joseph (D:8)
  A kobold demonologist (D:10)
  A komodo dragon (D:8)
  7 yaks
  2 wyverns
  Grum (D:8)
  A basilisk (shapeshifter) (D:8)
  An acid dragon (D:9)
  Duvessa (D:5)
  3 water moccasins
  A sky beast (D:7)
  4 orc warriors
  An ogre (D:5)
  3 wolves (D:8)
  3 centaurs
  2 phantoms (D:7)
  5 kobold brigands
  2 bullfrogs (D:8)
  2 necrophages (D:8)
  Dowan (D:5)
  15 wights
  6 killer bees (D:7)
  2 howler monkeys
  6 orc priests
  3 hounds
  A jelly (D:6)
  3 iguanas
  8 orc wizards
  6 adders
  3 gnolls (D:5)
  A shadow imp (D:7)
  6 white imps
  2 dart slugs
  49 orcs
  13 ball pythons
  4 endoplasms
  3 giant cockroaches
  8 goblins
  7 hobgoblins
  15 kobolds
  A quokka (D:2)
  4 bats
  4 frilled lizards
  7 rats
228 creatures vanquished.

Vanquished Creatures (collateral kills)
  A wolf (D:8)
1 creature vanquished.

Grand Total: 229 creatures vanquished

Notes
Turn   | Place    | Note
-------+----------+-------------------------------------------
     0 | D:1      | qw the Minotaur Berserker began the quest for the Orb.
     0 | D:1      | Reached XP level 1. HP: 19/19 MP: 0/0
     0 | D:1      | 0 ||| qw: Version: 0.1-a-116-g5d60599
     0 | D:1      | 0 ||| qw: Game counter: 7447
     0 | D:1      | 0 ||| qw: Always use a shield: true
     0 | D:1      | 0 ||| qw: Do Orc after D:15 true
     0 | D:1      | 0 ||| qw: Do second Lair branch before Depths: true
     0 | D:1      | 0 ||| qw: Lair rune preference: random
     0 | D:1      | 0 ||| qw: Plans: Normal
     0 | D:1      | 0 ||| PLANNING D:1-11
     6 | D:1      | Found a faded altar of an unknown god.
    34 | D:1      | Found Tudi Tam's Jewellery Shop.
    43 | D:1      | 43 ||| SHOPLISTING amulet of guardian spirit (420 gold,
                  | have 0).
    43 | D:1      | 43 ||| SHOPLISTING amulet of regeneration (420 gold, have
                  | 0).
    43 | D:1      | 43 ||| SHOPLISTING amulet of the acrobat (420 gold, have
                  | 0).
    43 | D:1      | 43 ||| SHOPLISTING ring of Disigawn {Fire rElec rPois MP+9}
                  | (869 gold, have 0).
    43 | D:1      | 43 ||| SHOPLISTING ring of resist corrosion (280 gold, have
                  | 0).
    43 | D:1      | 43 ||| SHOPLISTING ring of see invisible (210 gold, have
                  | 0).
   142 | D:1      | Reached skill level 4 in Axes
   187 | D:1      | Reached XP level 2. HP: 20/26 MP: 1/1
   268 | D:1      | 268 ||| Stepping ~*~*~tactically~*~*~ (hiding).
   330 | D:1      | 330 ||| Stepping ~*~*~tactically~*~*~ (stealth).
   333 | D:1      | 333 ||| Stepping ~*~*~tactically~*~*~ (stealth).
   585 | D:1      | 585 ||| Stepping ~*~*~tactically~*~*~ (stealth).
   681 | D:1      | 681 ||| INVOKING Berserk.
   684 | D:1      | Reached skill level 5 in Axes
   691 | D:1      | 691 ||| Stepping ~*~*~tactically~*~*~ (stealth).
   734 | D:1      | 734 ||| INVOKING Berserk.
   901 | D:1      | 901 ||| DROPPING +0 club.
   987 | D:1      | Reached XP level 3. HP: 31/31 MP: 2/2
  1149 | D:1      | 1149 ||| UPGRADING to +0 leather armour.
  1159 | D:1      | 1159 ||| DROPPING +0 animal skin.
  1160 | D:1      | 1160 ||| READING scroll labelled QASMUW YTORAIKH.
  1161 | D:1      | 1161 ||| READING scroll labelled VUBISI ZASENKE.
  1266 | D:2      | Reached ** piety under Trog
  1598 | D:2      | 1598 ||| DROPPING +2 mace of pain.
  1756 | D:2      | 1756 ||| Stepping ~*~*~tactically~*~*~ (stealth).
  1926 | D:2      | Reached XP level 4. HP: 39/39 MP: 3/3
  2105 | D:2      | 2105 ||| READING scroll labelled NEQETOKOME.
  2108 | D:2      | 2108 ||| READING scroll labelled EWAUWE DUDETH.
  2109 | D:2      | 2109 ||| DRINKING 2 fizzy pink potions.
  2110 | D:2      | 2110 ||| DROPPING potion of attraction.
  2128 | D:3      | 2128 ||| STAIRDANCE
  2258 | D:3      | 2258 ||| Stepping ~*~*~tactically~*~*~ (stealth).
  2438 | D:3      | Reached skill level 1 in Throwing
  2572 | D:3      | Reached skill level 6 in Axes
  2576 | D:3      | 2576 ||| Stepping ~*~*~tactically~*~*~ (stealth).
  2585 | D:3      | 2585 ||| Stepping ~*~*~tactically~*~*~ (stealth).
  2587 | D:3      | 2587 ||| Stepping ~*~*~tactically~*~*~ (stealth).
  2675 | D:3      | Identified the +9 sling of the Land of Plenty {flame, rC+
                  | Will+ Dex+2}
  2877 | D:3      | 2877 ||| UPGRADING to +1 leather armour of fire resistance.
  2887 | D:3      | 2887 ||| DROPPING +0 leather armour.
  2888 | D:3      | 2888 ||| UPGRADING to +0 pair of boots.
  2893 | D:3      | 2893 ||| UPGRADING to +0 scale mail.
  2903 | D:3      | 2903 ||| READING scroll labelled JOUTOI WOJECEDGH.
  2904 | D:3      | 2904 ||| READING 3 scrolls labelled TAIT SOINK.
  2905 | D:3      | 2905 ||| READING 2 scrolls of identify.
  2905 | D:3      | 2905 ||| IDENTIFYING dark potion
  2906 | D:3      | 2906 ||| DROPPING potion of lignification.
  2954 | D:4      | Identified the +5 war axe of Abuse {vorpal, rCorr Int+2}
  2956 | D:4      | 2956 ||| SWAPPING to +5 war axe of Abuse {vorpal, rCorr
                  | Int+2}.
  2957 | D:4      | 2957 ||| DROPPING +0 vampiric hand axe.
  3021 | D:4      | Found Syddorr's Assorted Antiques.
  3028 | D:4      | 3028 ||| BUYING blue potion (23 gold).
  3028 | D:4      | Bought a blue potion for 23 gold pieces
  3028 | D:4      | 3028 ||| SHOPLISTING embroidered cloak (195 gold, have
                  | 156).
  3028 | D:4      | 3028 ||| SHOPLISTING faintly humming buckler (247 gold,
                  | have 156).
  3028 | D:4      | 3028 ||| BUYING morningstar (104 gold).
  3028 | D:4      | Bought a morningstar for 104 gold pieces
  3028 | D:4      | 3028 ||| SHOPLISTING pair of gloves (117 gold, have 52).
  3028 | D:4      | 3028 ||| BUYING scroll labelled QAUKHL RAFEMUI (26 gold).
  3028 | D:4      | Bought a scroll labelled QAUKHL RAFEMUI for 26 gold pieces
  3028 | D:4      | 3028 ||| SHOPLISTING scroll of teleportation (78 gold, have
                  | 26).
  3028 | D:4      | 3028 ||| DROPPING +0 whip.
  3117 | D:4      | Found a staircase to the Ecumenical Temple.
  3119 | D:4      | 3119 ||| Stepping ~*~*~tactically~*~*~ (stealth).
  3123 | D:4      | Reached *** piety under Trog
  3125 | D:4      | 3125 ||| INVOKING Berserk.
  3128 | D:4      | Reached XP level 5. HP: 45/45 MP: 4/4
  3156 | D:4      | Noticed a water moccasin
  3157 | D:4      | 3157 ||| Stepping ~*~*~tactically~*~*~ (stealth).
  3158 | D:4      | 3158 ||| Stepping ~*~*~tactically~*~*~ (stealth).
  3209 | D:4      | 3209 ||| Stepping ~*~*~tactically~*~*~ (stealth).
  3243 | D:4      | Killed a water moccasin
  3244 | D:4      | Reached skill level 7 in Axes
  3245 | D:4      | Reached XP level 6. HP: 52/52 MP: 5/5
  3384 | D:4      | Reached skill level 8 in Axes
  3390 | D:4      | Found a white marble altar of Elyvilon.
  3606 | D:4      | 3606 ||| DROPPING +1 leather armour of fire resistance.
  3607 | D:4      | 3607 ||| UPGRADING to +2 ring mail of poison resistance.
  3617 | D:4      | 3617 ||| DROPPING +0 scale mail.
  3618 | D:4      | 3618 ||| READING scroll labelled SYZAR ABEU.
  3619 | D:4      | 3619 ||| READING scroll labelled QAUKHL RAFEMUI.
  3620 | D:4      | 3620 ||| READING scroll labelled FOESAUJ INKI.
  3621 | D:4      | 3621 ||| READING scroll labelled INGOUPH XUXIUW.
  3622 | D:4      | 3622 ||| READING 2 scrolls of identify.
  3622 | D:4      | 3622 ||| IDENTIFYING blue potion
  3629 | D:5      | Entered Level 5 of the Dungeon
  3660 | D:5      | 3660 ||| Stepping ~*~*~tactically~*~*~ (stealth).
  3692 | D:5      | 3692 ||| Stepping ~*~*~tactically~*~*~ (hiding).
  3693 | D:5      | 3693 ||| INVOKING Berserk.
  3843 | D:5      | Found a stormy altar of Qazlal.
  3973 | D:5      | Noticed Dowan
  3974 | D:5      | Noticed Duvessa
  3975 | D:5      | 3975 ||| INVOKING Berserk.
  3977 | D:5      | Killed Duvessa
  3978 | D:5      | Reached skill level 9 in Axes
  3978 | D:5      | Reached XP level 7. HP: 59/59 MP: 6/6
  3981 | D:5      | Killed Dowan
  4165 | D:5      | 4165 ||| Stepping ~*~*~tactically~*~*~ (stealth).
  4413 | D:5      | Found a broken altar of Ashenzari.
  4414 | D:5      | 4414 ||| Stepping ~*~*~tactically~*~*~ (hiding).
  4415 | D:5      | 4415 ||| Stepping ~*~*~tactically~*~*~ (hiding).
  4529 | D:5      | 4529 ||| Stepping ~*~*~tactically~*~*~ (stealth).
  4531 | D:5      | 4531 ||| Stepping ~*~*~tactically~*~*~ (stealth).
  4536 | D:5      | 4536 ||| Stepping ~*~*~tactically~*~*~ (stealth).
  4537 | D:5      | 4537 ||| Stepping ~*~*~tactically~*~*~ (stealth).
  4701 | D:5      | 4701 ||| INVOKING Berserk.
  4936 | D:5      | Found a runed translucent door.
  4937 | D:5      | Noticed Crazy Yiuf
  4940 | D:5      | 4940 ||| UPGRADING to +0 plate armour.
  4950 | D:5      | 4950 ||| UPGRADING to +0 buckler.
  4955 | D:5      | 4955 ||| DROPPING +2 ring mail of poison resistance.
  4956 | D:5      | 4956 ||| DROPPING +0 chain mail.
  4957 | D:5      | 4957 ||| READING scroll labelled FAUMOU SOMUI.
  4958 | D:5      | 4958 ||| DRINKING 2 bubbling inky potions.
  4959 | D:5      | 4959 ||| READING 2 scrolls of identify.
  4959 | D:5      | 4959 ||| IDENTIFYING smoky red potion
  5074 | D:6      | 5074 ||| INVOKING Berserk.
  5076 | D:6      | Reached skill level 1 in Shields
  5313 | D:6      | Reached skill level 3 in Shields
  5421 | D:6      | Noticed a cyclops
  5423 | D:6      | 5423 ||| FLEEEEING.
  5443 | D:6      | 5443 ||| INVOKING Berserk.
  5446 | D:6      | Killed a cyclops
  5447 | D:6      | Reached XP level 8. HP: 68/68 MP: 7/7
  5543 | D:6      | 5543 ||| Stepping ~*~*~tactically~*~*~ (stealth).
  5569 | D:6      | 5569 ||| Stepping ~*~*~tactically~*~*~ (stealth).
  5570 | D:6      | 5570 ||| Stepping ~*~*~tactically~*~*~ (stealth).
  5580 | D:6      | Found a hazy altar of Hepliaklqana.
  5648 | D:6      | 5648 ||| Stepping ~*~*~tactically~*~*~ (hiding).
  5649 | D:6      | 5649 ||| Stepping ~*~*~tactically~*~*~ (hiding).
  5737 | D:6      | Found a hide-covered altar of Uskayaw.
  5793 | D:6      | 5793 ||| Stepping ~*~*~tactically~*~*~ (stealth).
  5797 | D:6      | Reached skill level 10 in Axes
  6167 | D:6      | 6167 ||| DRINKING 2 grey potions.
  6225 | D:7      | Reached skill level 3 in Throwing
  6392 | D:7      | Reached skill level 6 in Fighting
  6570 | D:7      | Reached skill level 11 in Axes
  6576 | D:7      | 6576 ||| INVOKING Berserk.
  6576 | D:7      | HP: 22/105 [killer bee (6)]
  6578 | D:7      | Reached XP level 9. HP: 21/75 MP: 8/8
  6581 | D:7      | HP: 16/112 [poisoned by a killer bee]
  6586 | D:7      | HP: 7/75 [poisoned by a killer bee]
  6930 | D:7      | 6930 ||| Stepping ~*~*~tactically~*~*~ (stealth).
  6937 | D:7      | 6937 ||| Stepping ~*~*~tactically~*~*~ (stealth).
  6938 | D:7      | 6938 ||| Stepping ~*~*~tactically~*~*~ (stealth).
  6948 | D:7      | 6948 ||| FLEEEEING.
  6949 | D:7      | 6949 ||| FLEEEEING.
  6950 | D:7      | 6950 ||| FLEEEEING.
  6951 | D:7      | 6951 ||| FLEEEEING.
  6952 | D:7      | 6952 ||| FLEEEEING.
  6954 | D:7      | 6954 ||| FLEEEEING.
  6955 | D:7      | 6955 ||| FLEEEEING.
  6956 | D:7      | 6956 ||| FLEEEEING.
  6957 | D:7      | 6957 ||| FLEEEEING.
  7295 | D:7      | Found an opulent altar of Gozag.
  7425 | D:7      | 7425 ||| READING 2 scrolls of identify.
  7425 | D:7      | 7425 ||| IDENTIFYING murky cyan potion
  7426 | D:7      | 7426 ||| DROPPING potion of berserk rage.
  7459 | D:8      | Noticed Joseph
  7467 | D:8      | Killed Joseph
  7468 | D:8      | Reached skill level 12 in Axes
  7468 | D:8      | 7468 ||| FLEEEEING.
  7469 | D:8      | 7469 ||| FLEEEEING.
  7470 | D:8      | 7470 ||| STAIRDANCE
  7637 | D:8      | 7637 ||| STAIRDANCE
  7647 | D:8      | Reached **** piety under Trog
  7658 | D:8      | 7658 ||| Stepping ~*~*~tactically~*~*~ (hiding).
  7662 | D:8      | 7662 ||| INVOKING Berserk.
  7786 | D:8      | 7786 ||| Stepping ~*~*~tactically~*~*~ (stealth).
  7787 | D:8      | 7787 ||| Stepping ~*~*~tactically~*~*~ (stealth).
  7788 | D:8      | 7788 ||| Stepping ~*~*~tactically~*~*~ (stealth).
  7829 | D:8      | Noticed a komodo dragon
  7832 | D:8      | 7832 ||| INVOKING Berserk.
  7836 | D:8      | Killed a komodo dragon
  7948 | D:8      | Reached skill level 6 in Armour
  7999 | D:8      | You fall into a shaft and drop 2 floors!
  7999 | D:10     | Entered Level 10 of the Dungeon
  8033 | D:10     | Noticed a kobold demonologist
  8035 | D:10     | Noticed a sun demon
  8039 | D:10     | 8039 ||| INVOKING Berserk.
  8041 | D:10     | HP: 26/121 [sun demon[a kobold demonologist] (16)]
  8044 | D:10     | Killed a kobold demonologist
  8045 | D:10     | Reached skill level 13 in Axes
  8046 | D:10     | HP: 19/121 [kobold brigand/+2 dagger of protection (3)]
  8349 | D:9      | Noticed a two-headed ogre
  8353 | D:9      | 8353 ||| INVOKING Berserk.
  8356 | D:9      | Killed a two-headed ogre
  8357 | D:9      | Reached skill level 6 in Shields
  8357 | D:9      | Reached XP level 10. HP: 88/88 MP: 9/9
  8395 | D:9      | 8395 ||| Stepping ~*~*~tactically~*~*~ (stealth).
  8420 | D:9      | Reached skill level 14 in Axes
  8432 | D:9      | 8432 ||| Stepping ~*~*~tactically~*~*~ (stealth).
  8455 | D:9      | 8455 ||| Stepping ~*~*~tactically~*~*~ (stealth).
  8482 | D:9      | 8482 ||| Stepping ~*~*~tactically~*~*~ (stealth).
  8624 | D:9      | 8624 ||| INVOKING Berserk.
  8649 | D:9      | 8649 ||| Stepping ~*~*~tactically~*~*~ (stealth).
  8660 | D:9      | 8660 ||| Stepping ~*~*~tactically~*~*~ (stealth).
  8661 | D:9      | 8661 ||| Stepping ~*~*~tactically~*~*~ (stealth).
  8670 | D:9      | 8670 ||| Stepping ~*~*~tactically~*~*~ (stealth).
  8671 | D:9      | 8671 ||| Stepping ~*~*~tactically~*~*~ (stealth).
  8672 | D:9      | 8672 ||| Stepping ~*~*~tactically~*~*~ (stealth).
  8673 | D:9      | 8673 ||| Stepping ~*~*~tactically~*~*~ (stealth).
  8682 | D:9      | 8682 ||| INVOKING Berserk.
  8770 | D:9      | 8770 ||| DROPPING ring of magical power.
  8771 | D:9      | 8771 ||| READING scroll labelled FUSHO UGRAERCH.
  8772 | D:9      | 8772 ||| DRINKING 2 black potions.
  8773 | D:9      | 8773 ||| DRINKING 2 golden potions.
  8828 | D:8      | Noticed a cyclops
  8830 | D:8      | 8830 ||| FLEEEEING.
  8831 | D:8      | 8831 ||| FLEEEEING.
  8832 | D:8      | 8832 ||| FLEEEEING.
  8833 | D:8      | 8833 ||| FLEEEEING.
  8849 | D:8      | 8849 ||| FLEEEEING.
  8865 | D:8      | 8865 ||| FLEEEEING.
  8866 | D:8      | 8866 ||| FLEEEEING.
  8869 | D:8      | 8869 ||| FLEEEEING.
  8870 | D:8      | 8870 ||| FLEEEEING.
  8871 | D:8      | 8871 ||| FLEEEEING.
  8872 | D:8      | 8872 ||| FLEEEEING.
  8873 | D:8      | 8873 ||| FLEEEEING.
  8874 | D:8      | 8874 ||| FLEEEEING.
  8889 | D:8      | 8889 ||| FLEEEEING.
  8894 | D:8      | Noticed a white ugly thing
  8899 | D:8      | 8899 ||| INVOKING Berserk.
  8904 | D:8      | Killed a white ugly thing
  8909 | D:8      | Killed a cyclops
  8909 | D:8      | Reached ***** piety under Trog
  8910 | D:8      | Reached skill level 15 in Axes
  9355 | D:8      | Reached skill level 9 in Fighting
  9390 | D:8      | 9390 ||| DRINKING potion of cancellation.
  9394 | D:8      | Reached skill level 3 in Dodging
  9528 | D:8      | 9528 ||| Stepping ~*~*~tactically~*~*~ (stealth).
  9533 | D:8      | 9533 ||| Stepping ~*~*~tactically~*~*~ (stealth).
  9544 | D:8      | 9544 ||| Stepping ~*~*~tactically~*~*~ (stealth).
  9671 | D:8      | Found an iron altar of Okawaru.
  9688 | D:8      | Noticed Grum
  9689 | D:8      | 9689 ||| Stepping ~*~*~tactically~*~*~ (stealth).
  9692 | D:8      | 9692 ||| Stepping ~*~*~tactically~*~*~ (hiding).
  9696 | D:8      | 9696 ||| INVOKING Brothers in Arms.
  9697 | D:8      | 9697 ||| INVOKING Berserk.
  9701 | D:8      | Reached XP level 11. HP: 89/97 MP: 10/10
  9702 | D:8      | Killed Grum
  9857 | D:8      | 9857 ||| DRINKING potion of curing.
  9857 | D:8      | 9857 ||| (to cure confusion)
 10095 | D:8      | Noticed a two-headed ogre
 10098 | D:8      | 10098 ||| INVOKING Berserk.
 10101 | D:8      | Killed a two-headed ogre
 10195 | D:8      | 10195 ||| READING 3 scrolls of identify.
 10195 | D:8      | 10195 ||| IDENTIFYING fuming cyan potion
 10196 | D:8      | 10196 ||| DROPPING potion of degeneration.
 10338 | D:9      | 10338 ||| Stepping ~*~*~tactically~*~*~ (hiding).
 10339 | D:9      | 10339 ||| Stepping ~*~*~tactically~*~*~ (hiding).
 10341 | D:9      | 10341 ||| Stepping ~*~*~tactically~*~*~ (hiding).
 10347 | D:9      | Reached skill level 16 in Axes
 10347 | D:9      | 10347 ||| Stepping ~*~*~tactically~*~*~ (hiding).
 10535 | D:9      | Found a staircase to the Orcish Mines.
 10832 | D:9      | 10832 ||| READING scroll labelled UQEPHA DUO.
 10893 | D:10     | Noticed a deep elf pyromancer
 10894 | D:10     | 10894 ||| Stepping ~*~*~tactically~*~*~ (stealth).
 10895 | D:10     | Noticed a centaur warrior
 10896 | D:10     | 10896 ||| Stepping ~*~*~tactically~*~*~ (hiding).
 10897 | D:10     | Noticed a centaur warrior
 10898 | D:10     | 10898 ||| INVOKING Berserk.
 10898 | D:10     | Noticed a centaur warrior
 10904 | D:10     | Killed a centaur warrior
 10904 | D:10     | Noticed an ogre mage
 10904 | D:10     | Noticed a centaur warrior
 10906 | D:10     | HP: 36/145 [centaur warrior/arrow (8)]
 10908 | D:10     | HP: 4/145 [centaur warrior/arrow (16)]
 10908 | D:10     | Noticed a boulder beetle
 10911 | D:10     | Shot with an arrow by a centaur warrior

Levels and vault maps discovered:
D:1:      dpeg_arrival_tiny_g, layout_loops_ring, serial_shops, shop,
          dreamdust_ecumenical_altar_statues, dreamdust_wishing_well,
          grunt_decor_cap, minmay_statues_item,
          nicolae_concentric_dashed_squares_mild
D:2:      layout_loops_ring, columned_hall_lemuel, minivault_23,
          minmay_tree_intersection
D:3:      layout_loops_cross, minmay_starry_boxes
D:4:      layout_rooms, elyvilon_altar_5, minmay_temple_entry_mini_moons,
          serial_shops, shop
D:5:      layout_basic, nicolae_qazlal_general_emergency,
          cheibrodos_ashenzari_chains, uniq_duvessa, uniq_crazy_yiuf_cottage
D:6:      layout_loops_corners, mainiacjoe_overflow_catch_the_wave,
          minmay_microvault
D:7:      layout_gridville, nicolae_gozag_seed_capital
D:8:      wad_arrow_thing, layout_basic, okawaru_ov_weapons_minmay, uniq_grum,
          uniq_joseph
D:9:      layout_small_grid, hiddenorc2_lemuel
D:10:     layout_grid_maze, enter_bailey_4, serial_shops,
          nicolae_lakefront_shop, chequers_serial_rivers_micro_a, minivault_28,
          uniq_fannar

Skill      XL: |  1  2  3  4  5  6  7  8  9 10 11 |
---------------+----------------------------------+-----
Axes           | 4 5 6 7 9 11 13 15 16 | 16.0
Throwing       | 1 3 |  3.0
Fighting       | 4 5 6 8 9 10 | 10.0
Shields        | 3 4 6 |  6.4
Armour         | 5 6 7 8 |  8.2
Dodging        | 3 |  3.0

Action                   |  1- 3 |  4- 6 |  7- 9 | 10-12 || total
-------------------------+-------+-------+-------+-------++-------
Melee: Hand axe          |    86 |    37 |       |       ||   123
       Headbutt          |    12 |     9 |    20 |    27 ||    68
       Punch             |     1 |       |       |       ||     1
       War axe           |       |    31 |   119 |   151 ||   301
Throw: Javelin           |     6 |    23 |    39 |    22 ||    90
       Boomerang         |       |     1 |       |    27 ||    28
Invok: Berserk           |     2 |     3 |     8 |     6 ||    19
       Brothers in Arms  |       |       |       |     1 ||     1
  Use: Scroll            |     2 |    10 |     3 |     3 ||    18
       Potion            |       |     1 |     2 |     4 ||     7
 Stab: Distracted        |     1 |       |       |       ||     1
       Sleeping          |     1 |       |       |       ||     1
Armor: Animal skin       |     7 |       |       |       ||     7
       Leather armour    |    14 |     7 |       |       ||    21
       Scale mail        |       |     5 |       |       ||     5
       Ring mail         |       |     1 |     1 |       ||     2
       Plate armour      |       |       |    46 |    62 ||   108
Dodge: Dodged            |    45 |    24 |    42 |    38 ||   149
Block: Buckler           |       |       |    21 |    27 ||    48

Table legend:
 A = Non-vault XP
 B = Vault XP
 C = Vault XP percentage of total XP
 D = Non-vault monster count
 E = Vault monster count
 F = Vault count percentage of total count
                 A         B        C        D         E       F
            +---------+---------+-------+---------+---------+-------
      Total |    8439 |    6438 |  43.3 |     175 |      54 |  23.6
            +---------+---------+-------+---------+---------+-------
        D:1 |      43 |       0 |   0.0 |      26 |       0 |   0.0
        D:2 |      58 |       0 |   0.0 |      21 |       0 |   0.0
        D:3 |      29 |       3 |   9.4 |      15 |       1 |   6.2
        D:4 |     307 |       0 |   0.0 |      18 |       0 |   0.0
        D:5 |     377 |     226 |  37.5 |      18 |       2 |  10.0
        D:6 |     424 |     503 |  54.3 |      11 |       1 |   8.3
        D:7 |    1529 |       0 |   0.0 |      20 |       0 |   0.0
        D:8 |    2218 |    3086 |  58.2 |      21 |      17 |  44.7
        D:9 |    2809 |     617 |  18.0 |      20 |      30 |  60.0
       D:10 |     645 |    2003 |  75.6 |       5 |       3 |  37.5
            +---------+---------+-------+---------+---------+-------
